 Dungeon Crawl Stone Soup version 0.23.2 (webtiles) character file.

Game seed: 207534755408367284

162 Blitz the Fighter (level 5, -6/54 HPs)
             Began as a Gnoll Wanderer on June 10, 2019.
             Killed by divine providence
             ... invoked by an orc priest
              (15 damage)
             ... on level 3 of the Dungeon.
             The game lasted 00:13:26 (2891 turns).

Blitz the Fighter (Gnoll Wanderer)                  Turns: 2891, Time: 00:13:27

Health: -6/54      AC: 10    Str: 14    XL:     5   Next: 43%
Magic:  7/7        EV:  4    Int: 16    God:
Gold:   106        SH:  0    Dex: 14    Spells: 6/6 levels left

rFire    . . .     SeeInvis .   p - +0 halberd
rCold    . . .     Gourm    .   (shield currently unavailable)
rNeg     . . .     Faith    .   u - +0 plate armour
rPois    .         Spirit   .   (no helmet)
rElec    .         Reflect  .   (no cloak)
rCorr    .         Harm     .   (no gloves)
MR       .....                  (no boots)
Stlth    ..........             (no amulet)
HPRegen  0.18/turn              (no ring)
MPRegen  0.10/turn              (no ring)

@: no status effects
A: distributed training, fangs 1, strong nose
a: no special abilities


You were on level 3 of the Dungeon.
You were not hungry.

You visited 1 branch of the dungeon, and saw 3 of its levels.

You collected 106 gold pieces.

Inventory:

Hand Weapons
 a - a +2 quarterstaff
 p - a +0 halberd (weapon)
 s - a +0 flail
Missiles
 k - 54 stones (quivered)
 r - 8 javelins of returning
Armour
 d - a +0 robe
 n - a +0 naga barding
 t - a +2 scale mail of poison resistance
 u - a +0 plate armour (worn)
Jewellery
 j - an uncursed ring of resist corrosion {unknown}
 m - a cursed ring of teleportation {unknown}
 o - an uncursed ring of positive energy {unknown}
Scrolls
 b - 5 scrolls of teleportation
 e - 2 scrolls of remove curse
 g - a scroll of enchant armour
 v - a scroll of amnesia
Potions
 c - a potion of curing
 h - a potion of ambrosia {unknown}
 i - 2 potions of agility {unknown}
 l - a potion of haste {unknown}
 q - a potion of berserk rage {unknown}
Comestibles
 f - 3 rations
 w - 3 chunks of flesh


   Skills:
 + Level 10.4 Fighting
 + Level 1.4 Short Blades
 + Level 1.4 Long Blades
 + Level 1.4 Axes
 + Level 1.4 Maces & Flails
 + Level 1.4 Polearms
 + Level 4.8 Staves
 + Level 1.4 Slings
 + Level 1.4 Bows
 + Level 1.4 Crossbows
 + Level 3.0 Throwing
 + Level 1.4 Armour
 + Level 3.0 Dodging
 + Level 1.4 Stealth
 + Level 3.0 Shields
 + Level 1.4 Unarmed Combat
 + Level 1.4 Spellcasting
 + Level 1.1 Conjurations
 + Level 1.1 Hexes
 + Level 1.1 Charms
 + Level 1.1 Summonings
 + Level 1.1 Necromancy
 + Level 1.1 Translocations
 + Level 1.1 Transmutations
 + Level 1.1 Fire Magic
 + Level 1.1 Ice Magic
 + Level 1.1 Air Magic
 + Level 1.1 Earth Magic
 + Level 1.1 Poison Magic
 + Level 1.6 Invocations
 + Level 1.4 Evocations


You had 6 spell levels left.
You didn't know any spells.
Your spell library was empty.

Dungeon Overview and Level Annotations

Branches:
Dungeon (3/15)

Altars:
The Shining One


Innate Abilities, Weirdness & Mutations

Your experience applies equally to all skills.
You have very sharp teeth.
Your uncanny sense of smell can sniff out nearby items.


Message History

You barely miss the orc. The orc hits you but does no damage.
The orc priest looks satisfied for a moment.
The orc hits you but does no damage.
You slash the orc!
You kill the orc!
The orc priest invokes the aid of Beogh against you.
Beogh smites you!
The orc priest invokes the aid of Beogh against you.
Beogh smites you!
The orc priest mumbles some strange prayers to Beogh against you.
Beogh smites you!
* * * LOW HITPOINT WARNING * * *
You see here a bat skeleton.
The orc priest invokes the aid of Beogh against you.
Pain shoots through your body!
* * * LOW HITPOINT WARNING * * *
The orc priest casts a cantrip, but nothing happens.
The orc priest invokes the aid of Beogh against you.
Beogh smites you!
You die...

#o#
########.#
#.# #....#
#.# #.####
#.# #.#
#.#### #.#
#....# #.#
####.# #.#
#o#########.#
#.o.....@...#
###########.#
###


You could see 2 orc priests.

Vanquished Creatures
  A jelly (D:3)
  Terence (D:2)
  3 gnolls
  2 adders
  2 worms (D:2)
  A dart slug (D:1)
  A leopard gecko (D:2)
  2 orcs (D:3)
  A ball python (D:1)
  4 goblins
  5 hobgoblins
  8 jackals (D:2)
  5 kobolds
  9 bats
  A frilled lizard (D:3)
  3 rats (D:2)
49 creatures vanquished.

Notes
Turn   | Place    | Note
-------+----------+-------------------------------------------
     0 | D:1      | Reached skill level 10 in Fighting
     0 | D:1      | Blitz the Gnoll Wanderer began the quest for the Orb.
     0 | D:1      | Blitz set off with the following items: a +2 quarterstaff,
                  | a scroll of teleportation, a potion of curing, a +0 robe, a
                  | ration
     0 | D:1      | Reached XP level 1. HP: 28/28 MP: 1/1
   452 | D:1      | Reached XP level 2. HP: 33/36 MP: 2/2
  1208 | D:2      | Reached XP level 3. HP: 38/42 MP: 3/3
  1252 | D:2      | Reached skill level 1 in Invocations
  1485 | D:2      | Noticed Terence
  1494 | D:2      | Killed Terence
  1494 | D:2      | Reached skill level 1 in Short Blades
  1494 | D:2      | Reached skill level 1 in Long Blades
  1494 | D:2      | Reached skill level 1 in Axes
  1494 | D:2      | Reached skill level 1 in Maces & Flails
  1494 | D:2      | Reached skill level 1 in Polearms
  1494 | D:2      | Reached skill level 1 in Slings
  1494 | D:2      | Reached skill level 1 in Bows
  1494 | D:2      | Reached skill level 1 in Crossbows
  1494 | D:2      | Reached skill level 1 in Armour
  1494 | D:2      | Reached skill level 1 in Stealth
  1494 | D:2      | Reached skill level 1 in Unarmed Combat
  1494 | D:2      | Reached skill level 1 in Spellcasting
  1494 | D:2      | Reached skill level 1 in Evocations
  1494 | D:2      | Reached XP level 4. HP: 44/48 MP: 5/5
  1557 | D:2      | Found a glowing golden altar of the Shining One.
  1839 | D:1      | Reached skill level 1 in Conjurations
  1839 | D:1      | Reached skill level 1 in Hexes
  1839 | D:1      | Reached skill level 1 in Charms
  1839 | D:1      | Reached skill level 1 in Summonings
  1839 | D:1      | Reached skill level 1 in Necromancy
  1839 | D:1      | Reached skill level 1 in Translocations
  1839 | D:1      | Reached skill level 1 in Transmutations
  1839 | D:1      | Reached skill level 1 in Fire Magic
  1839 | D:1      | Reached skill level 1 in Ice Magic
  1839 | D:1      | Reached skill level 1 in Air Magic
  1839 | D:1      | Reached skill level 1 in Earth Magic
  1839 | D:1      | Reached skill level 1 in Poison Magic
  2448 | D:3      | Reached XP level 5. HP: 50/54 MP: 6/6
  2891 | D:3      | Killed from afar by an orc priest

Skill      XL: |  1  2  3  4  5 |
---------------+----------------+-----
Fighting       | | 10.4
Invocations    | 1 |  1.6
Short Blades   | 1 |  1.4
Long Blades    | 1 |  1.4
Axes           | 1 |  1.4
Maces & Flails | 1 |  1.4
Polearms       | 1 |  1.4
Slings         | 1 |  1.4
Bows           | 1 |  1.4
Crossbows      | 1 |  1.4
Armour         | 1 |  1.4
Stealth        | 1 |  1.4
Unarmed Combat | 1 |  1.4
Spellcasting   | 1 |  1.4
Evocations     | 1 |  1.4
Conjurations   | 1 |  1.1
Hexes          | 1 |  1.1
Charms         | 1 |  1.1
Summonings     | 1 |  1.1
Necromancy     | 1 |  1.1
Translocations | 1 |  1.1
Transmutations | 1 |  1.1
Fire Magic     | 1 |  1.1
Ice Magic      | 1 |  1.1
Air Magic      | 1 |  1.1
Earth Magic    | 1 |  1.1
Poison Magic   | 1 |  1.1
Throwing       | 3 |  3.0
Dodging        | 3 |  3.0
Shields        | 3 |  3.0
Staves         | |  4.8

Action                   |  1- 3 |  4- 6 || total
-------------------------+-------+-------++-------
Melee: Quarterstaff      |    90 |       ||    90
       Bite              |     8 |     6 ||    14
       Flail             |       |    25 ||    25
       Halberd           |       |    35 ||    35
       Punch             |       |     1 ||     1
Throw: Stone             |    13 |     4 ||    17
  Use: Scroll            |       |     4 ||     4
  Eat: Chunk             |     2 |     2 ||     4
       Ration            |       |     1 ||     1
Armor: Robe              |    13 |       ||    13
       Scale mail        |       |    23 ||    23
       Plate armour      |       |    11 ||    11
Dodge: Dodged            |    63 |    41 ||   104
